 Dungeon Sprint DCSS version 0.20.1-1-g8b1a95d (webtiles) character file.

108 equalderp2856 the Covered (level 4, 0/45 HPs)
             Began as a Minotaur Fighter on Sept 4, 2017.
             Was an Initiate of Gozag.
             Slain by a wraith (10 damage)
             ... in the Dungeon (Sprint IX: "|||||||||||||||||||||||||||||").
             The game lasted 00:00:38 (282 turns).

equalderp2856 the Covered (Minotaur Fighter)         Turns: 282, Time: 00:00:38

Health: 0/45       AC:  7    Str: 20    XL:     4   Next: 58%
Magic:  3/3        EV:  8    Int:  5    God:    Gozag
Gold:   0          SH: 10    Dex: 11    Spells: 3/3 levels left

rFire    . . .     SeeInvis .   a - +0 war axe
rCold    . . .     Gourm    .   c - +0 shield
rNeg     . . .     Faith    .   b - +0 scale mail
rPois    .         Spirit   .   (helmet restricted)
rElec    .         Reflect  .   (no cloak)
rCorr    .         Harm     .   (no gloves)
MR       .....     NoTele   +   (no boots)
Stlth    ..........             (no amulet)
Regen    0.2/turn               (no ring)
MPRegen  0.1/turn               (no ring)

@: slowed, very slow
A: retaliatory headbutt, horns 2
a: Potion Petition, Call Merchant, Bribe Branch, Renounce Religion


You were in the Dungeon.
You worshipped Gozag.
Gozag was noncommittal.
You were not hungry.

You visited 1 branch

Inventory:

Hand Weapons
 a - a +0 war axe (weapon)
Armour
 b - a +0 scale mail (worn)
 c - a +0 shield (worn)
Jewellery
 p - a +2 ring of protection
 q - a +3 ring of dexterity
Wands
 o - a wand of lightning (7/15)
Scrolls
 k - 2 scrolls of blinking
 m - 3 scrolls of remove curse
 n - 2 scrolls of amnesia
Potions
 d - a potion of might
 e - 5 potions of curing
 g - 3 potions of heal wounds
 h - a potion of haste
 i - 4 potions of magic
 j - a potion of berserk rage
 l - a potion of invisibility
Comestibles
 f - a bread ration


   Skills:
 + Level 6.6 Fighting
 + Level 4.5 Axes
 + Level 7.1 Armour
 + Level 0.2 Dodging
 + Level 6.9 Shields


You had 3 spell levels left.
You didn't know any spells.

Dungeon Overview and Level Annotations

Branches:
Dungeon (1/1)

Altars:
Cheibriados
Dithmenos
Elyvilon
Fedhas
Gozag
Hepliaklqana
Kikubaaqudgha
Makhleb
Nemelex Xobeh
Okawaru
Qazlal
Ru
Sif Muna
Trog
Uskayaw
Vehumet
Xom
Yredelemnul
Zin
The Shining One
Beogh
Jiyva
Lugonu


Innate Abilities, Weirdness & Mutations

You reflexively headbutt those who attack you in melee.
You have a pair of horns on your head.


Message History

The wraith drains your vigour!
You feel as though you will be slow longer.
You completely miss the wraith.
The centaur shouts!
You headbutt the wraith!
The wraith is severely damaged.
The centaur is no longer distracted by gold.
The wraith hits you! The wraith closely misses you.
Your shield and scale mail prevent you from hitting the wraith.
The wraith is severely damaged.
You block the wraith's attack. The wraith hits you!
* * * LOW HITPOINT WARNING * * *
Your scale mail prevents you from hitting the wraith.
The wraith is severely damaged.
You block the wraith's attack. The wraith barely misses you.
You barely miss the wraith.
The wraith is severely damaged.
The wraith hits you!
You die...
Your body crumbles into a pile of gold.

▓+▓
$
▓.▓
$
▓.▓
$
▓.▓
$
▓Z▓
$ $
▓c▓
▓W▓
$
▓@▓
▓.▓
$
▓.▓
▓[▓
$
▓[▓
▓[▓
$
▓)▓
$
▓|▓
$
▓.▓


You could see a wraith, a centaur and a bat skeleton.

Vanquished Creatures
  2 hounds (D)
  An orc wizard (D)
  An adder (D)
  A dart slug (D)
  3 leopard geckos (D)
  An orc (D)
  A giant cockroach (D)
  A goblin (D)
  A kobold (D)
  A rat (D)
13 creatures vanquished.

Vanquished Creatures (others)
  A spatial maelstrom (D)
1 creature vanquished.

Grand Total: 14 creatures vanquished

Notes
Turn   | Place    | Note
-------+----------+-------------------------------------------
     0 | D        | equalderp2856 the Minotaur Fighter began the quest for the Orb.
     0 | D        | Reached XP level 1. HP: 19/19 MP: 0/0
     5 | D        | Reached skill level 4 in Armour
    12 | D        | Reached skill level 5 in Armour
    16 | D        | Noticed a hound
    16 | D        | Noticed an orc wizard
    17 | D        | Banished a spatial maelstrom
    20 | D        | Killed an orc wizard
    20 | D        | Reached skill level 5 in Fighting
    20 | D        | Reached skill level 5 in Shields
    20 | D        | Reached XP level 2. HP: 26/29 MP: 1/1
    20 | D        | Reached XP level 3. HP: 33/36 MP: 2/2
    30 | D        | Reached skill level 6 in Armour
    40 | D        | Reached XP level 4. HP: 23/44 MP: 3/3
   183 | D        | Found a roughly hewn altar of Beogh.
   183 | D        | Found a snail-covered altar of Cheibriados.
   183 | D        | Found a shadowy altar of Dithmenos.
   183 | D        | Found a white marble altar of Elyvilon.
   183 | D        | Found a blossoming altar of Fedhas.
   183 | D        | Found an opulent altar of Gozag.
   184 | D        | Found a hazy altar of Hepliaklqana.
   185 | D        | Found a viscous altar of Jiyva.
   186 | D        | Found an ancient bone altar of Kikubaaqudgha.
   187 | D        | Found a corrupted altar of Lugonu.
   188 | D        | Found a burning altar of Makhleb.
   189 | D        | Found a sparkling altar of Nemelex Xobeh.
   190 | D        | Found an iron altar of Okawaru.
   191 | D        | Became a worshipper of Gozag Ym Sagoz the Greedy
   228 | D        | Found a stormy altar of Qazlal.
   229 | D        | Found a sacrificial altar of Ru.
   230 | D        | Found a deep blue altar of Sif Muna.
   231 | D        | Found a bloodstained altar of Trog.
   232 | D        | Found a hide-covered altar of Uskayaw.
   233 | D        | Found a radiant altar of Vehumet.
   235 | D        | Found a shimmering altar of Xom.
   236 | D        | Found a basalt altar of Yredelemnul.
   237 | D        | Found a glowing silver altar of Zin.
   238 | D        | Found a glowing golden altar of the Shining One.
   262 | D        | Noticed a centaur
   262 | D        | Noticed a wraith
   271 | D        | Reached skill level 7 in Armour
   282 | D        | Slain by a wraith

Skill      XL: |  1  2  3  4 |
---------------+-------------+-----
Armour         | 5 6 7 |  7.1
Shields        | 5 6 |  6.9
Fighting       | 5 6 |  6.6
Axes           | 3 4 |  4.5
Dodging        | |  0.2

Action                   |  1- 3 |  4- 6 || total
-------------------------+-------+-------++-------
Melee: War axe           |    30 |    19 ||    49
       Headbutt          |     6 |     5 ||    11
Armor: Scale mail        |     8 |    10 ||    18
Dodge: Dodged            |     7 |     7 ||    14
Block: Shield            |    14 |     9 ||    23
